 Dungeon Crawl Stone Soup version 0.28.0-53-g5a82cb258f (webtiles) character file.

Game seed: 6780000289979750619

21 Sin92 the Skirmisher (level 2, -2/24 HPs)
             Began as a Demonspawn Fighter on June 27, 2022.
             Was a Follower of Vehumet.
             Slain by an adder (4 damage)
             ... on level 2 of the Dungeon on June 28, 2022.
             The game lasted 00:02:45 (687 turns).

Sin92 the Skirmisher (Demonspawn Fighter)            Turns: 687, Time: 00:02:46

Health: -2/24      AC: 11    Str: 16    XL:     2   Next: 62%
Magic:  2/2        EV:  4    Int:  9    God:    Vehumet [*.....]
Gold:   32         SH:  4    Dex: 12    Spells: 0/1 levels left

rFire   . . .      SeeInvis .   a - +0 war axe
rCold   . . .      Faith    .   c - +0 buckler
rNeg    . . .      Spirit   .   f - +0 plate armour
rPois   .          Reflect  .   (no helmet)
rElec   .          Harm     .   (no cloak)
rCorr   .          Rampage  .   (no gloves)
Will    .....                   (no boots)
Stlth   ..........              (no amulet)
HPRegen 0.08/turn               (no ring)
MPRegen 0.08/turn               (no ring)

@: no status effects
A: weakness stinger 1
a: Renounce Religion


You were on level 2 of the Dungeon.
You worshipped Vehumet.
Vehumet was aware of your devotion.
You visited 1 branch of the dungeon, and saw 2 of its levels.

You collected 32 gold pieces.

Inventory:

Hand Weapons
 a - a +0 war axe (weapon)
Armour
 b - a +0 scale mail
 c - a +0 buckler (worn)
 f - a +0 plate armour (worn)
Scrolls
 h - a scroll of enchant weapon {unknown}
Potions
 d - a potion of might
 e - a potion of lignification
 i - a potion of curing {unknown}


   Skills:
 + Level 3.2 Fighting
 + Level 2.1 Axes
 + Level 2.9 Armour
 + Level 0.0 Dodging
 + Level 2.9 Shields
 + Level 0.0 Spellcasting
 + Level 0.0 Conjurations
 + Level 0.0 Fire Magic


You couldn't memorise any spells.
You knew the following spells:

 Your Spells              Type           Power      Damage    Failure   Level
a - Foxfire               Conj/Fire      0%         2x1d4     100%        1

Your spell library contained the following spells:

 Spells                   Type           Power      Damage    Failure   Level


Dungeon Overview and Level Annotations

Branches:
Dungeon (2/15)

Altars:
Vehumet


Innate Abilities, Weirdness & Mutations

You have a small tail.


Message History

The bat completely misses you. The adder bites you.
You are poisoned.
The adder poisons you!
You feel sick. The bat hits you but does no damage.
You feel sick. The bat hits you but does no damage. x2
The adder bites you but does no damage.
You feel sick. The bat hits you but does no damage. The adder bites you.
You are more poisoned.
The adder poisons you!
You feel sick. The bat hits you but does no damage.
You block the frilled lizard's attack.
You feel sick. You block the bat's attack.
You feel sick.
You feel sick. The adder barely misses you.
You closely miss the adder.
Your tail-slap misses the adder.
You feel sick.
The adder bites you but does no damage. x2
You miss the adder.
You feel sick.
You are no longer poisoned.
You block the adder's attack. x2
You miss the adder.
Your tail-slap misses the adder.
The adder barely misses you.
You slash the adder!
The adder is severely wounded.
The adder barely misses you. The adder bites you.
* * * LOW HITPOINT WARNING * * *
You barely miss the adder.
The adder is severely wounded.
The adder bites you but does no damage. x2
You closely miss the adder.
The adder is severely wounded.
The adder bites you but does no damage. You block the adder's attack.
You miss the adder.
The adder is severely wounded.
The adder bites you.
* * * LOW HITPOINT WARNING * * *
The adder bites you but does no damage.
You barely miss the adder.
The adder is severely wounded.
The adder completely misses you. The adder bites you.
You die...

#####..........
#..............
#.###..........
#. #...#+##...
#. #.w.# .. #.
#...# . #.
#...# #.###w..#
#.@Sbl.##
######.# #.#
#.# ... #..
.... ##..


You could see a worm, an adder, a bat and a frilled lizard.

Vanquished Creatures
  A bat (D:1)
  A giant cockroach (D:1)
  3 goblins (D:1)
  2 hobgoblins (D:1)
  4 jackals (D:1)
  3 kobolds (D:1)
  A ball python (D:1)
  A frilled lizard (D:1)
  3 rats (D:1)
19 creatures vanquished.

Notes
Turn   | Place    | Note
-------+----------+-------------------------------------------
     0 | D:1      | Sin92 the Demonspawn Fighter began the quest for the Orb.
     0 | D:1      | Reached XP level 1. HP: 18/18 MP: 1/1
   224 | D:1      | Gained mutation: You have a small tail. [demonic ancestry]
   224 | D:1      | Reached XP level 2. HP: 24/24 MP: 2/2
   609 | D:1      | Found a faded altar of an unknown god.
   613 | D:1      | Prayed at the altar of an unknown god.
   613 | D:1      | Became a worshipper of Vehumet
   613 | D:1      | Reached * piety under Vehumet
   613 | D:1      | Offered knowledge of Foxfire by Vehumet.
   616 | D:1      | Learned a level 1 spell: Foxfire
   687 | D:2      | Slain by an adder

Illustrated notes

Levels and vault maps discovered:
D:1:      psy_arrival_terrarium, layout_rooms,
          hellmonk_ecumenical_altar_inner_sanctum
D:2:      layout_basic, minmay_box_of_dots

Skill      XL: |  1 |
---------------+----+-----
Axes           | 2 |  2.1
Fighting       | |  3.2
Armour         | |  2.9
Shields        | |  2.9

Action                   || total
-------------------------++-------
Melee: War axe           ||    46
       Tailslap          ||     1
  Use: Scroll            ||     1
Armor: Plate armour      ||    46
       Scale mail        ||     5
Dodge: Dodged            ||    16
Block: Buckler           ||    14
